 Dungeon Crawl Stone Soup version 0.29-a0-337-g68df138881 (webtiles) character file.

Game seed: 6390795548823885425

3912 spaghetti the Quickloader (level 10, 0/87 (99) HPs)
             Began as a Deep Dwarf Hunter on Apr 16, 2022.
             Was a High Priest of Cheibriados.
             Slain by a troll (7 damage)
             ... on level 7 of the Dungeon.
             The game lasted 00:18:53 (4876 turns).

spaghetti the Quickloader (Deep Dwarf Hunter)       Turns: 4876, Time: 00:18:53

HP:   0/87 (99)     AC:  6    Str: 33    XL:     10   Next: 1%
MP:   10/10         EV: 13    Int: 22    God:    Cheibriados [*****.]
Gold: 399           SH:  0    Dex: 29    Spells: 7/9 levels left

rFire   + + .      SeeInvis .   b - +4 war axe (freeze) {axe}
rCold   . . .      Faith    .   (no shield)
rNeg    . . .      Spirit   .   w - +1 robe {rF+}
rPois   .          Reflect  .   (no helmet)
rElec   .          Harm     .   u - +1 cloak
rCorr   .          Rampage  .   v - +0 pair of gloves
Will    +....                   (no boots)
Stlth   +++.......              g - amulet of magic regeneration {@e2}
HPRegen 0.00/turn               t - ring of protection from fire
MPRegen 0.52/turn               o - +6 ring of strength

@: wereblooded, heavily drained, very slow
A: damage resistance, heal wounds, sense surroundings 2, no regeneration
a: Heal Wounds, Renounce Religion, Bend Time, Temporal Distortion, Slouch, Step
From Time


You were on level 7 of the Dungeon.
You worshipped Cheibriados.
Cheibriados was extremely pleased with you.
You visited 1 branch of the dungeon, and saw 8 of its levels.

You collected 399 gold pieces.


Innate Abilities, Weirdness & Mutations

You are resistant to damage.
You can heal yourself by infusing magical energy.
You passively map the area around you.
You do not regenerate.


   Skills:
 + Level 9.3 Fighting
 - Level 10.0 Crossbows
 - Level 2.1 Dodging
 - Level 1.2 Stealth
 + Level 3.2 Transmutations
 * Level 6.8 Invocations


You had 7 spell levels left.
You knew the following spells:

 Your Spells              Type           Power      Damage    Failure   Level
a - Wereblood             Tmut           14%        N/A       7%          2

Your spell library contained the following spells:

 Spells                   Type           Power      Damage    Failure   Level
 Beastly Appendage        Tmut           28%        N/A       4%          1
 Magic Dart               Conj           0%         1d3       17%         1
 Blink                    Tloc           0%         N/A       26%         2
 Call Imp                 Summ           0%         N/A       26%         2
 Ensorcelled Hibernation  Hex/Ice        0%         N/A       26%         2
 Spider Form              Tmut/Pois      7%         N/A       26%         3
 Gell's Gravitas          Tloc           0%         N/A       45%         3
 Lesser Beckoning         Tloc           0%         N/A       45%         3
 Mephitic Cloud           Conj/Pois/Air  0%         N/A       45%         3
 Teleport Other           Tloc           0%         N/A       45%         3
 Anguish                  Hex/Necr       0%         N/A       86%         4
 Fulminant Prism          Conj/Hex       0%         3d6       86%         4
 Iskenderun's Mystic Bla  Conj/Tloc      0%         2d3       86%         4
 Lee's Rapid Deconstruct  Erth           0%         3d5*      99%         5
 Manifold Assault         Tloc           0%         N/A       99%         5
 Storm Form               Tmut/Air       3%         N/A       100%        7
 Borgnjor's Revivificati  Necr           0%         N/A       100%        8
 Necromutation            Tmut/Necr      3%         N/A       100%        8
 Death's Door             Necr           0%         N/A       100%        9

Inventory:

Hand Weapons
 a - a +2 hand crossbow {crossbow}
 b - a +4 war axe of freezing (weapon) {axe}
   (You took it off a wight on level 8 of the Dungeon)
 i - a +2 short sword of venom {short}
   (You took it off a kobold brigand on level 6 of the Dungeon)
 x - a +3 trident {polearm}
   (You took it off a wight on level 8 of the Dungeon)
 z - a +2 dagger of draining {short}
   (You took it off an orc wizard on level 7 of the Dungeon)
 A - a +0 dagger of venom {short}
   (You took it off an orc wizard on level 7 of the Dungeon)
 B - a +0 hand axe of flaming {axe}
   (You found it on level 7 of the Dungeon)
 C - a +4 battleaxe of freezing {axe}
   (You took it off a wight on level 8 of the Dungeon)
Missiles
 d - 151 stones {throwing}
 e - 33 poisoned darts (quivered) {throwing}
 s - 4 boomerangs {throwing}
Armour
 u - a +1 cloak (worn)
   (You found it on level 4 of the Dungeon)
 v - a +0 pair of gloves (worn)
   (You found it on level 6 of the Dungeon)
 w - a +1 robe of fire resistance (worn)
   (You took it off an orc wizard on level 6 of the Dungeon)
Jewellery
 g - an amulet of magic regeneration (around neck) {@e2}
   (You took it off an orc on level 6 of the Dungeon)
 o - a +6 ring of strength (right hand)
   (You took it off an orc wizard on level 6 of the Dungeon)
 t - a ring of protection from fire (left hand)
   (You found it on level 4 of the Dungeon)
Wands
 k - a wand of paralysis (7)
   (You took it off Pikel on level 6 of the Dungeon)
Scrolls
 c - 3 scrolls of immolation {!r!r}
 f - a scroll of silence {!r}
 h - a scroll of enchant armour
 j - a scroll of acquirement {unknown}
 m - a scroll of identify {@r1}
 n - a scroll of amnesia
 q - a scroll of fog
 r - 2 scrolls of fear
 y - a scroll of teleportation {unknown}
Potions
 l - a potion of attraction {!q}
 p - a potion of haste {forbidden@q3}

Dungeon Overview and Level Annotations

Branches:
Dungeon (8/15)             Temple (0/1) D:5
   Lair: D:8-11

Altars:
Cheibriados
Fedhas
Qazlal
Ru
Yredelemnul

Shops:
D:8 *

Annotations:
D:6 2 transporters, rabbitsville's ghost, novice GrHu

.................#.########.##.#
......###.######.#.# #.##.##
.†....# #.# #.#.# #.##...
......# #.# #.#.# #....##
#..#..###.### #.#.# ####.#
##..........# #<#.###########.#
##...###.#.# ##.............#.#
##....###.#.###.....######.....#
#..............T@†#.# ####.###.#
.#..#...........[.#.###....# #.#
##..####.......#........##.###.#
##..# #.......................#
....####.......##.#.#####......#
#...##.........................#
#......#.......##.##########.###
#.........#######.##########.#
..........# #..>.........#


You could see a troll.


Message History

Press: ? - help, Q - select action, (/) - cycle Shift-Dir - straight line, f - hound
Aim: a hound (70% to hit)
You shoot a bolt. The bolt hits the hound!
Your primal bloodlust has ended.
A hound comes into view. x2
Shoot: a) +2 hand crossbow {crossbow}
Press: ? - help, Q - select action, (/) - cycle Shift-Dir - straight line, f - troll
Aim: a troll (75% to hit)
You shoot a bolt. The bolt hits the troll.
Shoot: a) +2 hand crossbow {crossbow}
Press: ? - help, Q - select action, (/) - cycle Shift-Dir - straight line, f/p - troll
Aim: a troll (lightly wounded, 75% to hit)
You shoot a bolt. The bolt completely misses the troll.
The bolt hits the hound.
There is a stone staircase leading up, spattered with blood here.
Casting: Wereblood (safe; 7% risk of failure)
Confirm with . or Enter, or press ? or * to list all spells.
Your blood is infused with primal strength.
The hound closely misses you. 😨 MP[-2]
You lost 2 mp, and now have 8/10 mp.
The hound bites you. The troll closely misses you.
The troll claws you but does no damage. The troll claws you.
You climb upwards.
There is a stone staircase leading down, spattered with blood here. 😨 MP[+1]
The flow of time bends around you.
The troll resists with some effort.
Cheibriados rebukes the hound.
The hound seems to slow down.
The hound bites you. The troll bites you!
* * * LOW HITPOINT WARNING * * *
The troll claws you but does no damage. The troll claws you.
* * * LOW HITPOINT WARNING * * *
😨 HP[-15] MP[-2]
You take 15 damage, and now have 26/86 hp.
You lost 2 mp, and now have 7/10 mp.
Your +4 war axe of freezing {axe} glows with a cold blue light!
b - a +4 war axe of freezing (weapon)
{axe} The hound misses you.
You slash the hound! You freeze the hound. You hit the troll.
You freeze the troll. The troll bites you but does no damage.
The troll claws you but does no damage. x2; The hound bites you.
* * * LOW HITPOINT WARNING * * *
The troll barely misses you. x2; The troll claws you.
* * * LOW HITPOINT WARNING * * *
😱 HP[-6] MP[+1]
You take 6 damage, and now have 20/86 hp.
You slash the hound! You freeze the hound.
You feel a bit better.
You kill the hound!
Cheibriados thoroughly appreciates the change of pace.
You closely miss the troll. The troll bites you.
* * * LOW HITPOINT WARNING * * *
The troll closely misses you. The troll misses you. 😱 MP[+1]
You now have 87 max hp (+1).
You feel much better. The troll misses you.
The troll claws you but does no damage. The troll claws you!
* * * LOW HITPOINT WARNING * * *
😨 HP[+6]
You regained 6 hp, and now have 26/87 hp.
You slash the troll! You freeze the troll.
You howl as the wereblood boils in your veins!
The troll barely misses you. The troll claws you.
* * * LOW HITPOINT WARNING * * *
The troll barely misses you. The troll misses you. The troll barely misses you.
The troll closely misses you. 😨 HP[-2] MP[+1]
You take 2 damage, and now have 24/87 hp.
Your mp is fully restored (10).
You slash the troll! You freeze the troll. The troll closely misses you.
The troll claws you.
* * * LOW HITPOINT WARNING * * *
The troll claws you!
* * * LOW HITPOINT WARNING * * *
😱 HP[-8]
You take 8 damage, and now have 16/87 hp.
Unknown command.
You feel much better. The troll bites you!
* * * LOW HITPOINT WARNING * * *
The troll closely misses you. x2 😨 HP[+14]
You regained 14 hp, and now have 30/87 hp.
You barely miss the troll.
The troll misses you. x2; The troll claws you.
* * * LOW HITPOINT WARNING * * *
The troll bites you. The troll claws you but does no damage.
The troll closely misses you. 😨 HP[-1]
You take 1 damage, and now have 29/87 hp.
You slash the troll! You freeze the troll. The troll bites you!
* * * LOW HITPOINT WARNING * * *
The troll claws you but does no damage. The troll claws you.
* * * LOW HITPOINT WARNING * * *
😱 HP[-13]
You take 13 damage, and now have 16/87 hp.
You hit the troll. You freeze the troll. The troll barely misses you.
The troll misses you. The troll completely misses you. The troll bites you.
* * * LOW HITPOINT WARNING * * *
The troll claws you!
* * * LOW HITPOINT WARNING * * *
The troll claws you!
You die...

Skill      XL: |  1  2  3  4  5  6  7  8  9 |
---------------+----------------------------+-----
Crossbows      | 5 7 8 9 10 | 10.0
Transmutations | 3 |  3.2
Fighting       | 3 7 9 |  9.3
Invocations    | 6 |  6.8
Dodging        | |  2.1
Stealth        | |  1.2

Action                   |  1- 3 |  4- 6 |  7- 9 | 10-12 || total
-------------------------+-------+-------+-------+-------++-------
Melee: Dagger            |       |       |   127 |       ||   127
       Punch             |       |       |     2 |       ||     2
       Short sword       |       |       |    14 |       ||    14
       War axe           |       |       |     1 |     7 ||     8
 Fire: Hand crossbow     |    59 |   140 |   250 |     3 ||   452
Throw: Dart              |       |       |     1 |       ||     1
 Cast: Wereblood         |       |       |     7 |     1 ||     8
Invok: Bend Time         |       |     2 |     3 |     1 ||     6
       Slouch            |       |       |     1 |       ||     1
 Abil: Heal Wounds       |       |     1 |    10 |     2 ||    13
  Use: Potion            |       |     8 |     5 |       ||    13
       Scroll            |       |     5 |     4 |       ||     9
 Stab: Distracted        |       |       |     1 |       ||     1
       Sleeping          |       |       |     1 |       ||     1
Armor: Leather armour    |     3 |    48 |    41 |       ||    92
       Robe              |       |       |     1 |     8 ||     9
Dodge: Dodged            |    13 |   106 |   199 |    22 ||   340

Levels and vault maps discovered:
D:1:      minmay_arrival_doors, layout_loops_ring, hex_medium
D:2:      layout_basic, ebering_ecumenical_altar_ruins, uniq_sigmund
D:3:      kennysheep_goblin_castle, layout_basic,
          gammafunk_temple_overflow_elements, nicolae_ru_awakened_eye,
          minivault_11, uniq_grinder
D:4:      layout_basic, uniq_duvessa
D:5:      layout_basic, minmay_temple_entry_junction_2,
          small_statue_intersection
D:6:      layout_rooms, gammafunk_ghost_stat_death, hangedman_feature_mirror,
          uniq_pikel
D:7:      layout_loops_ring, enter_bailey_2, hangedman_abyss_or_decor_stagger
D:8:      layout_rooms, grunt_dithmenos_smoke, erik_lair_island, special_room
          [special_room_orc], nicolae_elemental_shop, chequers_jeans

Notes
Turn   | Place    | Note
-------+----------+-------------------------------------------
     0 | D:1      | spaghetti the Deep Dwarf Hunter began the quest for the
                  | Orb.
     0 | D:1      | Reached XP level 1. HP: 19/19 MP: 1/1
     0 | D:1      | magus.rc [v1.9.6]
   112 | D:1      | Reached XP level 2. HP: 26/26 MP: 2/2
   185 | D:1      | Reached skill level 5 in Crossbows
   778 | D:2      | Reached XP level 3. HP: 32/32 MP: 3/3
   864 | D:2      | Found a faded altar of an unknown god.
   870 | D:2      | Prayed at the altar of an unknown god.
   870 | D:2      | Became a worshipper of Cheibriados the Contemplative
   870 | D:2      | Reached * piety under Cheibriados
   915 | D:2      | Noticed Sigmund
   924 | D:2      | Killed Sigmund
   925 | D:2      | Reached skill level 7 in Crossbows
   925 | D:2      | Reached XP level 4. HP: 28/39 MP: 4/4
   925 | D:2      | Reached XP level 5. HP: 32/45 MP: 5/5
  1195 | D:3      | Noticed Grinder
  1439 | D:3      | Reached ** piety under Cheibriados
  1459 | D:3      | Reached skill level 8 in Crossbows
  1465 | D:3      | Found a sacrificial altar of Ru.
  1480 | D:3      | Reached XP level 6. HP: 33/52 MP: 6/6
  1551 | D:3      | You pick up a book of Dreams and begin reading...
  1551 | D:3      | You add the spells Ensorcelled Hibernation, Spider Form and
                  | Anguish to your library.
  1608 | D:3      | Killed Grinder
  1609 | D:3      | Reached skill level 9 in Crossbows
  1700 | D:3      | You add the spells Borgnjor's Revivification, Necromutation
                  | and Death's Door to your library.
  1718 | D:3      | Noticed Robin
  1751 | D:3      | Killed Robin
  1877 | D:3      | You pick up a book of Changes and begin reading...
  1877 | D:3      | You add the spells Beastly Appendage and Wereblood to your
                  | library.
  1954 | D:3      | Learned a level 2 spell: Wereblood
  2000 | D:3      | Found a stormy altar of Qazlal.
  2000 | D:3      | Found a basalt altar of Yredelemnul.
  2111 | D:4      | You pick up a book of Minor Magic and begin reading...
  2111 | D:4      | You add the spells Magic Dart, Call Imp and Mephitic Cloud
                  | to your library.
  2166 | D:4      | Reached XP level 7. HP: 28/58 MP: 6/6
  2192 | D:4      | Reached *** piety under Cheibriados
  2348 | D:4      | Noticed Duvessa
  2348 | D:4      | Noticed Dowan
  2368 | D:4      | Killed Duvessa
  2369 | D:4      | Reached skill level 1 in Transmutations
  2374 | D:4      | Killed Dowan
  2375 | D:4      | Reached skill level 2 in Transmutations
  2537 | D:5      | Entered Level 5 of the Dungeon
  2558 | D:5      | You pick up a book of Blasting and begin reading...
  2558 | D:5      | You add the spells Fulminant Prism, Iskenderun's Mystic
                  | Blast and Lee's Rapid Deconstruction to your library.
  2733 | D:5      | HP: 10/58 [poisoned by a killer bee]
  2744 | D:5      | Reached skill level 10 in Crossbows
  2744 | D:5      | Reached skill level 3 in Transmutations
  2748 | D:5      | Reached skill level 2 in Fighting
  2810 | D:5      | You pick up a book of Displacement and begin reading...
  2810 | D:5      | You add the spells Lesser Beckoning, Gell's Gravitas and
                  | Teleport Other to your library.
  2844 | D:5      | Reached skill level 3 in Fighting
  2844 | D:5      | Reached XP level 8. HP: 43/69 MP: 5/5
  2878 | D:5      | Reached skill level 4 in Fighting
  2989 | D:5      | Reached **** piety under Cheibriados
  3116 | D:5      | Found a staircase to the Ecumenical Temple.
  3369 | D:6      | Reached skill level 5 in Fighting
  3439 | D:6      | Reached skill level 6 in Fighting
  3452 | D:6      | Found a basalt altar of Yredelemnul.
  3485 | D:6      | You add the spells Blink, Manifold Assault and Storm Form
                  | to your library.
  3511 | D:6      | Found a blossoming altar of Fedhas.
  3512 | D:6      | Noticed a kobold demonologist
  3524 | D:6      | HP: 19/78 [neqoxec[a kobold demonologist] (10)]
  3530 | D:6      | Killed a kobold demonologist
  3531 | D:6      | Reached skill level 7 in Fighting
  3531 | D:6      | Gained mutation: You passively map the area around you.
                  | [Deep Dwarf growth]
  3531 | D:6      | Reached XP level 9. HP: 35/86 MP: 1/5
  3627 | D:6      | Noticed Pikel
  3642 | D:6      | HP: 19/86 [lemure[Pikel] (5)]
  3653 | D:6      | Killed Pikel
  3654 | D:6      | Reached skill level 8 in Fighting
  3679 | D:6      | Reached ***** piety under Cheibriados
  3767 | D:6      | Found a transporter.
  3768 | D:6      | Noticed rabbitsville's ghost (novice GrHu)
  3779 | D:6      | Reached skill level 1 in Invocations
  3818 | D:6      | Found a transporter.
  3835 | D:6      | Reached skill level 2 in Invocations
  4088 | D:7      | Reached skill level 3 in Invocations
  4210 | D:7      | Reached skill level 9 in Fighting
  4210 | D:7      | Reached skill level 4 in Invocations
  4329 | D:7      | Reached skill level 5 in Invocations
  4416 | D:7      | Reached skill level 6 in Invocations
  4705 | D:8      | Found Vexidani's Elemental Accessories.
  4856 | D:8      | Noticed a troll
  4857 | D:8      | Reached XP level 10. HP: 41/86 MP: 10/10
  4868 | D:7      | HP: 20/86 [troll (5)]
  4875 | D:7      | HP: 20/87 [troll (9)]
  4876 | D:7      | HP: 7/87 [troll (5)]
  4876 | D:7      | Slain by a troll

Vanquished Creatures
  Pikel (D:6)
  A kobold demonologist (D:6)
  Grinder (D:3)
  Sigmund (D:2)
  An acid dragon (D:6)
  A water moccasin (D:7)
  Duvessa (D:4)
  A sky beast (D:6)
  2 ice beasts (D:7)
  2 black bears
  A lemure (D:6)
  A kobold brigand (D:6)
  7 bullfrogs
  A necrophage (D:6)
  4 scorpions
  5 wights
  Dowan (D:4)
  5 killer bees (D:5)
  6 hounds
  2 jellies
  2 orc priests (D:6)
  A gnoll shaman (D:5)
  3 iguanas
  4 orc wizards
  Robin (D:3)
  4 gnolls (D:5)
  7 adders
  A shadow imp (D:8)
  A white imp (D:5)
  3 ufetubi
  A worm (D:3)
  2 dart slugs
  29 orcs
  6 ball pythons
  6 endoplasms
  A giant cockroach (D:4)
  19 goblins
  3 hobgoblins (D:3)
  9 jackals
  12 kobolds
  A quokka (D:4)
  7 bats
  10 frilled lizards
  4 rats
182 creatures vanquished.

Table legend:
 A = Non-vault XP
 B = Vault XP
 C = Vault XP percentage of total XP
 D = Non-vault monster count
 E = Vault monster count
 F = Vault count percentage of total count
                 A         B        C        D         E       F
            +---------+---------+-------+---------+---------+-------
      Total |    3593 |    1996 |  35.7 |     152 |      29 |  16.0
            +---------+---------+-------+---------+---------+-------
        D:1 |      34 |       0 |   0.0 |      25 |       0 |   0.0
        D:2 |      33 |     226 |  87.3 |       7 |       1 |  12.5
        D:3 |     109 |     319 |  74.5 |      26 |      21 |  44.7
        D:4 |      85 |     217 |  71.9 |      13 |       2 |  13.3
        D:5 |     876 |       0 |   0.0 |      27 |       0 |   0.0
        D:6 |    1039 |    1146 |  52.4 |      29 |       3 |   9.4
        D:7 |    1190 |      45 |   3.6 |      21 |       1 |   4.5
        D:8 |     227 |      43 |  15.9 |       4 |       1 |  20.0
            +---------+---------+-------+---------+---------+-------

Illustrated notes

Table legend:
 A = Kills in this place as a percentage of kills in entire the game.
 B = Kills by you in this place as a percentage of kills by you in the entire game.
 C = Kills by friends in this place as a percentage of kills by friends in the entire game.
 D = Other kills in this place as a percentage of other kills in the entire game.
 E = Experience gained in this place as a percentage of experience gained in the entire game.
 F = Experience gained in this place divided by the number of levels of this place that you have seen.
                   A       B       C       D       E      F
               +-------+-------+-------+-------+-------+----------------------
         Total | 100.0 | 100.0 |   N/A |   N/A | 100.0 | 698.6
       Dungeon | 100.0 | 100.0 |   N/A |   N/A | 100.0 | 698.6
               +-------+-------+-------+-------+-------+----------------------

Table legend: (Time is in decaauts)
 A = Elapsed time spent in this place.
 B = Non-inter-level travel time spent in this place.
 C = Inter-level travel time spent in this place.
 D = Time resting spent in this place.
 E = Time spent auto-exploring this place.
 F = Levels seen in this place.
 G = Mean time per level.
                   A        B        C        D        E       F      G
               +--------+--------+--------+--------+--------+-----+--------+
         Total |   6657 |   6182 |    475 |    234 |   4685 |   8 |  832.1 |
       Dungeon |   6657 |   6182 |    475 |    234 |   4685 |   8 |  832.1 |
               +--------+--------+--------+--------+--------+-----+--------+

Top non-repeatable levels by time:
     D:7: 1203 daAuts
     D:3: 1187 daAuts
     D:5: 1140 daAuts
     D:6: 1102 daAuts
     D:1: 757 daAuts
     D:2: 610 daAuts
     D:4: 604 daAuts
     D:8: 52 daAuts
